| TOP OF THE 1ST |
|
Anderson Rebels batting - Pitching for Sumter Gamecocks : LHP Dave Lochner
|
|
Pitching: LHP Dave Lochner
|
|
|
Batting: RHB Bob Brower
|
0-0: Called Strike 0-1: Ball 1-1: Ball 2-1: Ball 3-1: Swinging Strike 3-2: Foul Ball, location: 2F 3-2: Foul Ball, location: 2F 3-2: Foul Ball, location: 2F 3-2: Base on Balls
|
|
Batting: RHB Mike Gallego
|
0-0: Ball 1-0: Fly out, F8 (Flyball, 8LM, EV 76.9 MPH)
|
|
Batting: RHB Larry See
|
0-0: SINGLE (Line Drive, 6D, EV 93.8 MPH) Bob Brower to second Runner from 2nd tries for 3rd, SAFE, no throw by CF
|
|
Batting: RHB Todd Demeter
|
0-0: Swinging Strike 0-1: Ball 1-1: Swinging Strike 1-2: Ball 2-2: Ground out U3 (Groundball, 34S, EV 75.6 MPH) Bob Brower scores Larry See to second
|
|
Batting: RHB Juan Blanco
|
0-0: Ball 1-0: Foul Ball, location: 2F 1-1: Ball 2-1: Swinging Strike 2-2: SINGLE (Line Drive, 7LS, EV 103.8 MPH) Larry See to third
|
|
Batting: LHB James Beck
|
0-0: Ball 1-0: Swinging Strike 1-1: Ball 2-1: Foul Ball, location: 2F 2-2: Foul Ball, location: 2F 2-2: Ball 3-2: Foul Ball, location: 2F 3-2: Foul Ball, location: 2F 3-2: Foul Ball, location: 2F 3-2: Strikes out swinging
|
| Top of the 1st over - 1 run, 2 hits, 0 errors, 2 left on base; Anderson 1 - Sumter 0 |
| BOTTOM OF THE 1ST |
|
Sumter Gamecocks batting - Pitching for Anderson Rebels : RHP Steven Smith
|
|
Pitching: RHP Steven Smith
|
|
|
Batting: SHB John Cangelosi
|
0-0: Foul Ball, location: 2F 0-1: Ground out U3 (Groundball, 3, EV 85.0 MPH)
|
|
Batting: LHB Antonio Tapia
|
0-0: Fly out, F7 (Line Drive, 7, EV 93.1 MPH)
|
|
Batting: RHB Randy Washington
|
0-0: Ball 1-0: Foul Ball, location: 2F 1-1: SINGLE (Flyball, 9LS, EV 87.5 MPH)
|
|
Batting: LHB Mark Gerard
|
0-0: Swinging Strike 0-1: Foul Ball, location: 2F 0-2: Ball 1-2: Strikes out swinging
|
| Bottom of the 1st over - 0 runs, 1 hit, 0 errors, 1 left on base; Anderson 1 - Sumter 0 |
| TOP OF THE 2ND |
|
Anderson Rebels batting - Pitching for Sumter Gamecocks : LHP Dave Lochner
|
|
Batting: RHB James Christensen
|
0-0: Foul Ball, location: 2F 0-1: Called Strike 0-2: Strikes out swinging
|
|
Batting: RHB Jose Bernhardt
|
0-0: Called Strike 0-1: Foul Ball, location: 2F 0-2: Foul Ball, location: 2F 0-2: Ground out 5-3 (Groundball, 56S, EV 83.1 MPH)
|
|
Batting: RHB Hector Ordonez
|
0-0: Ball 1-0: SINGLE (Groundball, 56, EV 105.0 MPH) (infield hit)
|
|
Batting: RHB Bob Brower
|
0-0: Foul Ball, location: 2F 0-1: Ball 1-1: Ball 2-1: DOUBLE (Line Drive, 7LS, EV 115.0 MPH) Hector Ordonez to third Runner from 3rd tries for Home, SAFE, no throw by LF
|
|
Batting: RHB Mike Gallego
|
0-0: Called Strike 0-1: Swinging Strike 0-2: Ball 1-2: DOUBLE (Flyball, 89D, EV 98.1 MPH) Bob Brower scores
|
|
Batting: RHB Larry See
|
0-0: Ball 1-0: Ball 2-0: Called Strike 2-1: Ball 3-1: SINGLE (Line Drive, 78S, EV 106.3 MPH) Mike Gallego to third
|
|
Batting: RHB Todd Demeter
|
0-0: Swinging Strike 0-1: Swinging Strike 0-2: Fly out, F7 (Flyball, 7LM, EV 85.6 MPH)
|
| Top of the 2nd over - 2 runs, 4 hits, 0 errors, 2 left on base; Anderson 3 - Sumter 0 |
| BOTTOM OF THE 2ND |
|
Sumter Gamecocks batting - Pitching for Anderson Rebels : RHP Steven Smith
|
|
Batting: LHB Rick Siriano
|
0-0: Ball 1-0: Ground out 4-3 (Groundball, 4, EV 80.6 MPH)
|
|
Batting: RHB Vaughn Calloway
|
0-0: Ball 1-0: Called Strike 1-1: Fly out, F9 (Flyball, 9, EV 86.9 MPH)
|
|
Batting: RHB Jerry Hidalgo
|
0-0: Foul Ball, location: 2F 0-1: Ball 1-1: Fly out, F9 (Flyball, 9D, EV 95.6 MPH)
|
| Bottom of the 2nd over - 0 runs, 0 hits, 0 errors, 0 left on base; Anderson 3 - Sumter 0 |
| TOP OF THE 3RD |
|
Anderson Rebels batting - Pitching for Sumter Gamecocks : LHP Dave Lochner
|
|
Batting: RHB Juan Blanco
|
0-0: Ball 1-0: SINGLE (Groundball, 56D, EV 111.3 MPH)
|
|
Batting: LHB James Beck
|
0-0: Ball 1-0: Ball Juan Blanco is caught stealing 2nd base 2-6 2-0: Foul Ball, location: 2F 2-1: DOUBLE (Flyball, 78XD, EV 100.6 MPH)
|
|
Batting: RHB James Christensen
|
0-0: Called Strike James Beck steals 3rd base (no throw) 0-1: Foul Ball, location: 2F 0-2: Ground out 5-3 (Groundball, 56, EV 89.4 MPH) James Beck scores
|
|
Batting: RHB Jose Bernhardt
|
0-0: Swinging Strike 0-1: Called Strike 0-2: Ball 1-2: Ball 2-2: Strikes out swinging
|
| Top of the 3rd over - 1 run, 2 hits, 0 errors, 0 left on base; Anderson 4 - Sumter 0 |
| BOTTOM OF THE 3RD |
|
Sumter Gamecocks batting - Pitching for Anderson Rebels : RHP Steven Smith
|
|
Batting: RHB Claude Johnson
|
0-0: Ball 1-0: Ball 2-0: Called Strike 2-1: Fly out, F9 (Flyball, 9S, EV 95.6 MPH)
|
|
Batting: RHB Juan Hernandez
|
0-0: Swinging Strike 0-1: Fly out, F6 (Popup, 6M, EV 75.6 MPH)
|
|
Batting: SHB John Cangelosi
|
0-0: Fly out, F8 (Flyball, 8LD, EV 103.1 MPH)
|
| Bottom of the 3rd over - 0 runs, 0 hits, 0 errors, 0 left on base; Anderson 4 - Sumter 0 |
| TOP OF THE 4TH |
|
Anderson Rebels batting - Pitching for Sumter Gamecocks : LHP Dave Lochner
|
|
Batting: RHB Hector Ordonez
|
0-0: Foul Ball, location: 2F 0-1: Foul Ball, location: 2F 0-2: Strikes out swinging
|
|
Batting: RHB Bob Brower
|
0-0: Ball 1-0: Called Strike 1-1: Ball 2-1: Ball 3-1: Swinging Strike 3-2: Foul Ball, location: 2F 3-2: Base on Balls
|
|
Batting: RHB Mike Gallego
|
0-0: Ball 1-0: Ball 2-0: Called Strike 2-1: Ball 3-1: Swinging Strike 3-2: Fly out, F8 (Flyball, 8LM, EV 88.1 MPH)
|
|
Batting: RHB Larry See
|
0-0: Called Strike 0-1: Ball 1-1: Called Strike 1-2: Foul Ball, location: 2F 1-2: Ball Bob Brower steals 2nd, throwing error, E2 Bob Brower to third 2-2: Ball 3-2: Foul Ball, location: 2F 3-2: Foul Ball, location: 2F 3-2: Fly out, F6 (Flyball, 56D, EV 92.5 MPH)
|
| Top of the 4th over - 0 runs, 0 hits, 1 error, 1 left on base; Anderson 4 - Sumter 0 |
| BOTTOM OF THE 4TH |
|
Sumter Gamecocks batting - Pitching for Anderson Rebels : RHP Steven Smith
|
|
Batting: LHB Antonio Tapia
|
0-0: Foul Ball, location: 2F 0-1: Called Strike 0-2: Foul Ball, location: 2F 0-2: Ball 1-2: Ball 2-2: Foul Ball, location: 2F 2-2: Strikes out swinging
|
|
Batting: RHB Randy Washington
|
0-0: Ball 1-0: Reached on error, E6 (Groundball, 6, EV 76.9 MPH)
|
|
Batting: LHB Mark Gerard
|
0-0: Ball 1-0: Ball 2-0: Foul Ball, location: 2F 2-1: Ball 3-1: SINGLE (Flyball, 9S, EV 86.3 MPH) Randy Washington to second Runner from 2nd tries for 3rd, SAFE, throw by RF made to third
|
|
Batting: LHB Rick Siriano
|
0-0: Ball 1-0: Swinging Strike 1-1: Ball 2-1: Ball 3-1: 3-RUN HOME RUN (Flyball, 78XD, EV 106.9 MPH), Distance : 419 ft
|
|
Batting: RHB Vaughn Calloway
|
0-0: Ball 1-0: Called Strike 1-1: Ball 2-1: Foul Ball, location: 2F 2-2: Strikes out swinging
|
|
Batting: RHB Jerry Hidalgo
|
0-0: Foul Ball, location: 2F 0-1: Fly out, F3 (Popup, 3F, EV 77.5 MPH)
|
| Bottom of the 4th over - 3 runs, 2 hits, 1 error, 0 left on base; Anderson 4 - Sumter 3 |
| TOP OF THE 5TH |
|
Anderson Rebels batting - Pitching for Sumter Gamecocks : LHP Dave Lochner
|
|
Batting: RHB Todd Demeter
|
0-0: Ball 1-0: Called Strike 1-1: Foul Ball, location: 2F 1-2: Ball 2-2: Strikes out looking
|
|
Batting: RHB Juan Blanco
|
0-0: Swinging Strike 0-1: Fly out, F3 (Flyball, 3D, EV 83.8 MPH)
|
|
Batting: LHB James Beck
|
0-0: Ball 1-0: Ball 2-0: Called Strike 2-1: Ball 3-1: Foul Ball, location: 2F 3-2: Ground out 6-3 (Groundball, 6, EV 101.9 MPH)
|
| Top of the 5th over - 0 runs, 0 hits, 0 errors, 0 left on base; Anderson 4 - Sumter 3 |
| BOTTOM OF THE 5TH |
|
Sumter Gamecocks batting - Pitching for Anderson Rebels : RHP Steven Smith
|
|
Batting: RHB Claude Johnson
|
0-0: Called Strike 0-1: Ball 1-1: Swinging Strike 1-2: Ball 2-2: Ball 3-2: Foul Ball, location: 2F 3-2: Base on Balls
|
|
Batting: RHB Juan Hernandez
|
0-0: Swinging Strike 0-1: Called Strike 0-2: Ball 1-2: Strikes out swinging
|
|
Batting: SHB John Cangelosi
|
0-0: Ball 1-0: Foul Ball, location: 2F 1-1: Ball 2-1: Ball 3-1: Foul Ball, location: 2F 3-2: TRIPLE (Line Drive, 78XD, EV 109.4 MPH) Claude Johnson scores
|
|
Batting: LHB Antonio Tapia
|
0-0: Fly out, F9 (Flyball, 89S, EV 73.8 MPH)
|
|
Batting: RHB Randy Washington
|
0-0: Foul Ball, location: 2F 0-1: Foul Ball, location: 2F 0-2: Foul Ball, location: 2F 0-2: Foul Ball, location: 2F 0-2: Ball 1-2: Strikes out looking
|
| Bottom of the 5th over - 1 run, 1 hit, 0 errors, 1 left on base; Anderson 4 - Sumter 4 |
| TOP OF THE 6TH |
|
Anderson Rebels batting - Pitching for Sumter Gamecocks : LHP Dave Lochner
|
|
Batting: RHB James Christensen
|
0-0: Ball 1-0: Foul Ball, location: 2F 1-1: Fly out, F7 (Flyball, 7, EV 84.4 MPH)
|
|
Batting: RHB Jose Bernhardt
|
0-0: Called Strike 0-1: Swinging Strike 0-2: Ball 1-2: Ball 2-2: Ball 3-2: Fly out, F9 (Flyball, 9S, EV 83.8 MPH)
|
|
Batting: RHB Hector Ordonez
|
0-0: Called Strike 0-1: Swinging Strike 0-2: Ground out 1-3 (Groundball, 13, EV 64.4 MPH)
|
| Top of the 6th over - 0 runs, 0 hits, 0 errors, 0 left on base; Anderson 4 - Sumter 4 |
| BOTTOM OF THE 6TH |
|
Sumter Gamecocks batting - Pitching for Anderson Rebels : RHP Steven Smith
|
|
Batting: LHB Mark Gerard
|
0-0: Ball 1-0: Ball 2-0: Called Strike 2-1: Foul Ball, location: 2F 2-2: Ball 3-2: Base on Balls
|
|
Batting: LHB Rick Siriano
|
0-0: Called Strike 0-1: DOUBLE (Flyball, 8RD, EV 93.1 MPH) Mark Gerard to third
|
|
Batting: RHB Vaughn Calloway
|
0-0: Called Strike 0-1: Swinging Strike 0-2: Foul Ball, location: 2F 0-2: Strikes out swinging
|
|
Batting: RHB Jerry Hidalgo
|
0-0: Intentional Walk
|
|
Batting: RHB Claude Johnson
|
0-0: Called Strike 0-1: TRIPLE (Flyball, 78XD, EV 98.1 MPH) Mark Gerard scores Rick Siriano scores Jerry Hidalgo scores
|
|
Pitching: RHP Wesley Smith
|
|
|
Batting: RHB Juan Hernandez
|
0-0: Ball 1-0: Ball 2-0: Called Strike 2-1: Foul Ball, location: 2F 2-2: Ball 3-2: Base on Balls
|
|
Batting: SHB John Cangelosi
|
0-0: Ball 1-0: Called Strike 1-1: Called Strike 1-2: Ball 2-2: Grounds into double play, 4-6-3 (Groundball, 34D, EV 97.5 MPH)
|
| Bottom of the 6th over - 3 runs, 2 hits, 0 errors, 1 left on base; Anderson 4 - Sumter 7 |
| TOP OF THE 7TH |
|
Anderson Rebels batting - Pitching for Sumter Gamecocks : LHP Dave Lochner
|
|
Batting: RHB Bob Brower
|
0-0: Fly out, F2 (Popup, 2LF, EV 93.8 MPH)
|
|
Batting: RHB Mike Gallego
|
0-0: Ball 1-0: Foul Ball, location: 2F 1-1: Fly out, F8 (Line Drive, 8LD, EV 103.8 MPH)
|
|
Batting: RHB Larry See
|
0-0: Ball 1-0: Swinging Strike 1-1: Called Strike 1-2: Foul Ball, location: 2F 1-2: Foul Ball, location: 2F 1-2: Ball 2-2: Strikes out looking
|
| Top of the 7th over - 0 runs, 0 hits, 0 errors, 0 left on base; Anderson 4 - Sumter 7 |
| BOTTOM OF THE 7TH |
|
Sumter Gamecocks batting - Pitching for Anderson Rebels : RHP Wesley Smith
|
|
Batting: LHB Antonio Tapia
|
0-0: Called Strike 0-1: Ball 1-1: Fly out, F5 (Line Drive, 5, EV 70.6 MPH)
|
|
Batting: RHB Randy Washington
|
0-0: Foul Ball, location: 2F 0-1: Ball 1-1: Called Strike 1-2: Foul Ball, location: 2F 1-2: Ball 2-2: Strikes out looking
|
|
Batting: LHB Mark Gerard
|
0-0: Ball 1-0: Foul Ball, location: 2F 1-1: Called Strike 1-2: Foul Ball, location: 2F 1-2: Strikes out swinging
|
| Bottom of the 7th over - 0 runs, 0 hits, 0 errors, 0 left on base; Anderson 4 - Sumter 7 |
| TOP OF THE 8TH |
|
Anderson Rebels batting - Pitching for Sumter Gamecocks : LHP Dave Lochner
|
|
Pitching: RHP Dave Wareham
|
|
|
Batting: RHB Todd Demeter
|
0-0: Ball 1-0: Foul Ball, location: 2F 1-1: Fly out, F7 (Flyball, 7, EV 82.5 MPH)
|
|
Batting: RHB Juan Blanco
|
0-0: Ball 1-0: Ball 2-0: Ball 3-0: Base on Balls
|
|
Batting: LHB James Beck
|
0-0: Ball 1-0: Called Strike 1-1: Ball 2-1: Fly out, F9 (Flyball, 9D, EV 98.8 MPH) Runner from 1st tags up, SAFE at 2nd
|
|
Batting: RHB James Christensen
|
0-0: Ball 1-0: Ball 2-0: Called Strike 2-1: Called Strike 2-2: SINGLE (Flyball, 78S, EV 84.4 MPH) Juan Blanco to third Runner from 3rd tries for Home, SAFE, throw by LF to home
|
|
Batting: RHB Jose Bernhardt
|
0-0: Ball 1-0: Swinging Strike 1-1: Ball 2-1: Fly out, F8 (Flyball, 8LD, EV 95.0 MPH)
|
| Top of the 8th over - 1 run, 1 hit, 0 errors, 1 left on base; Anderson 5 - Sumter 7 |
| BOTTOM OF THE 8TH |
|
Sumter Gamecocks batting - Pitching for Anderson Rebels : RHP Wesley Smith
|
|
Batting: LHB Rick Siriano
|
0-0: Ball 1-0: Swinging Strike 1-1: Called Strike 1-2: Foul Ball, location: 2F 1-2: Foul Ball, location: 2F 1-2: Ball 2-2: Ball 3-2: Base on Balls
|
|
Pitching: LHP Newt Box
|
|
|
Batting: RHB Vaughn Calloway
|
0-0: Ball 1-0: Ball 2-0: Foul Ball, location: 2F 2-1: Called Strike Rick Siriano steals 2nd base 2-2: Ball 3-2: Foul Ball, location: 2F 3-2: Foul Ball, location: 2F 3-2: Ground out 1-3 (Groundball, P, EV 61.9 MPH) Rick Siriano to third
|
|
Batting: RHB Jerry Hidalgo
|
0-0: Intentional Walk
|
|
Batting: RHB Claude Johnson
|
0-0: 3-RUN HOME RUN (Flyball, 78XD, EV 103.1 MPH), Distance : 416 ft
|
|
Batting: RHB Juan Hernandez
|
0-0: Called Strike 0-1: Called Strike 0-2: Ball 1-2: Strikes out swinging
|
|
Batting: SHB John Cangelosi
|
0-0: Ball 1-0: Foul Ball, location: 2F 1-1: Reached on error, E6 (Groundball, 6, EV 81.9 MPH)
|
|
Batting: LHB Antonio Tapia
|
0-0: Called Strike John Cangelosi steals 2nd, throwing error, E2 John Cangelosi to third 0-1: Called Strike 0-2: Ground out 4-3 (Groundball, 4, EV 81.9 MPH)
|
| Bottom of the 8th over - 3 runs, 1 hit, 2 errors, 1 left on base; Anderson 5 - Sumter 10 |
| TOP OF THE 9TH |
|
Anderson Rebels batting - Pitching for Sumter Gamecocks : RHP Dave Wareham
|
|
Batting: RHB Hector Ordonez
|
0-0: Called Strike 0-1: Ball 1-1: Ball 2-1: Called Strike 2-2: Strikes out swinging
|
|
Batting: RHB Bob Brower
|
0-0: Ground out 1-3 (Groundball, 15S, EV 73.8 MPH)
|
|
Batting: RHB Mike Gallego
|
0-0: Ball 1-0: Foul Ball, location: 2F 1-1: Ground out 6-3 (Groundball, 6, EV 81.3 MPH)
|
| Top of the 9th over - 0 runs, 0 hits, 0 errors, 0 left on base; Anderson 5 - Sumter 10 |
|